 Dungeon Crawl Stone Soup version 0.24-a0-271-ga0fc33f (webtiles) character file.

Game seed: 17903408142204354921

35 Ijustatesigmund the Chopper (level 3, -13/26 HPs)
             Began as an Octopode Fighter on Apr 24, 2019.
             Mangled by an ogre
             ... wielding a +0 giant club
              (30 damage)
             ... on level 2 of the Dungeon.
             The game lasted 00:01:51 (943 turns).

Ijustatesigmund the Chopper (Octopode Fighter)       Turns: 943, Time: 00:01:52

Health: -13/26     AC:  1    Str: 15    XL:     3   Next: 33%
Magic:  3/3        EV: 11    Int: 10    God:
Gold:   103        SH:  8    Dex: 12    Spells: 2/2 levels left

rFire    . . .     SeeInvis .   a - +0 war axe
rCold    . . .     Gourm    .   b - +0 shield
rNeg     . . .     Faith    .   (helmet restricted)
rPois    .         Spirit   .   (no amulet)
rElec    .         Reflect  .   h - ring of teleportation (curse)
rCorr    .         Harm     .   (no ring)
MR       .....     Rnd*Tele +   (no ring)
Stlth    ++........             (no ring)
HPRegen  0.08/turn              (no ring)
MPRegen  0.08/turn              (no ring)
                                (no ring)
                                (no ring)

@: no status effects
A: almost no armour, stealthy swim, amphibious, 8 rings, constrict 8, camouflage
1, gelatinous body 1
a: no special abilities


You were on level 2 of the Dungeon.
You were not hungry.

You visited 1 branch of the dungeon, and saw 2 of its levels.

You collected 103 gold pieces.

Inventory:

Hand Weapons
 a - a +0 war axe (weapon)
Armour
 b - a +0 shield (worn)
Jewellery
 h - a cursed ring of teleportation (left tentacle)
Scrolls
 g - a scroll of fog
 m - a scroll of identify
 n - 3 scrolls of immolation {unknown}
Potions
 c - a potion of might
 e - 2 potions of berserk rage
 f - a potion of invisibility
 i - a potion of lignification
 j - a potion of cancellation
 k - a potion of agility {unknown}
 l - a potion of curing
Comestibles
 d - 3 rations


   Skills:
 - Level 3.0 Fighting
 + Level 3.6 Axes
 - Level 3.0 Dodging
 - Level 3.0 Shields


You had 2 spell levels left.
You didn't know any spells.
Your spell library was empty.

Dungeon Overview and Level Annotations

Branches:
Dungeon (2/15)

Altars:


Innate Abilities, Weirdness & Mutations

You cannot wear most types of armour.
You are very stealthy in the water. (Stealth+)
You are amphibious.
You can wear up to eight rings at the same time.
You can use your tentacles to constrict eight enemies at once.
Your skin changes colour to match your surroundings (Stealth+).
Your rubbery body absorbs attacks. (AC +1, EV +1)


Message History

You see here a robe.
You now have 96 gold pieces (gained 13).
n - 3 scrolls labeled ZAN CIOCUOFU You see here a short sword.
You now have 103 gold pieces (gained 7).
An ogre comes into view. It is wielding a +0 giant club.
You block the ogre's attack.
Your shield prevents you from hitting the ogre.
The ogre barely misses you.
You hit the ogre. Your squeeze misses the ogre.
The ogre is moderately wounded.
The ogre hits you with a +0 giant club!
You hit the ogre. Your squeeze misses the ogre.
The ogre is heavily wounded.
The ogre misses you.
You hit the ogre.
The ogre is heavily wounded.
The ogre hits you with a +0 giant club!!
Ouch! That really hurt!
You die...

##.##.....#.#
...##.#...#.#
#####.#####.#
#.# #.######
#.# #......#
#.# ######.#
#.# #.# #.#
#.# #.# #@#
####.# #O#
#....# ...
#.#### ##.##
#.# .#. #.# #
# #.# #.# #.#


You could see an ogre.

Vanquished Creatures
  An adder (D:2)
  A worm (D:2)
  A dart slug (D:1)
  2 goblins
  5 hobgoblins
  A quokka (D:2)
  2 bats
  2 frilled lizards (D:1)
  3 kobolds
  4 rats
22 creatures vanquished.

Notes
Turn   | Place    | Note
-------+----------+-------------------------------------------
     0 | D:1      | Ijustatesigmund the Octopode Fighter began the quest for
                  | the Orb.
     0 | D:1      | Reached XP level 1. HP: 16/16 MP: 1/1
   301 | D:1      | Reached XP level 2. HP: 21/21 MP: 2/2
   566 | D:2      | Reached XP level 3. HP: 18/26 MP: 3/3
   936 | D:2      | Noticed an ogre
   943 | D:2      | Mangled by an ogre

Levels and vault maps discovered:
D:1:      lightli_arrival_maybe_door_vault, layout_basic
D:2:      layout_loops_ring

Skill      XL: |  1  2 |
---------------+-------+-----
Axes           | 3 |  3.6
Fighting       | |  3.0
Dodging        | |  3.0
Shields        | |  3.0

Action                   || total
-------------------------++-------
Melee: War axe           ||    44
       Constrict         ||    10
       Tentacles         ||     5
  Use: Scroll            ||     9
 Stab: Sleeping          ||     2
Armor: Skin              ||     5
Dodge: Dodged            ||    23
Block: Shield            ||    16

Table legend:
 A = Non-vault XP
 B = Vault XP
 C = Vault XP percentage of total XP
 D = Non-vault monster count
 E = Vault monster count
 F = Vault count percentage of total count
                 A         B        C        D         E       F
            +---------+---------+-------+---------+---------+-------
      Total |      50 |       0 |   0.0 |      22 |       0 |   0.0
            +---------+---------+-------+---------+---------+-------
        D:1 |      22 |       0 |   0.0 |      14 |       0 |   0.0
        D:2 |      28 |       0 |   0.0 |       8 |       0 |   0.0
            +---------+---------+-------+---------+---------+-------
